 Dungeon Crawl Stone Soup version 0.29.0-4-gdea44cf6ec (webtiles) character file.

Game seed: 16950468233464327121

0 qw the Grasshopper (level 1, -1/12 HPs)
             Began as a Tengu Warper on Aug 28, 2022.
             Slain by a gnoll
             ... wielding a +0 spear
              (6 damage)
             ... on level 1 of the Dungeon.
             The game lasted 00:00:00 (22 turns).

qw the Grasshopper (Tengu Warper)                     Turns: 22, Time: 00:00:00

Health: -1/12      AC:  3    Str: 11    XL:     1   Next: 0%
Magic:  4/4        EV: 11    Int: 13    God:
Gold:   0          SH:  0    Dex: 13    Spells: 4/4 levels left

rFire   . . .      SeeInvis .   a - +0 hand axe
rCold   . . .      Faith    .   (no shield)
rNeg    . . .      Spirit   .   b - +0 leather armour
rPois   .          Reflect  .   (helmet restricted)
rElec   .          Harm     .   (no cloak)
rCorr   .          Rampage  .   (no gloves)
Will    .....                   (boots unavailable)
Stlth   +.........              (no amulet)
HPRegen 0.04/turn               (no ring)
MPRegen 0.09/turn               (no ring)

@: no status effects
A: beak, talons 3
a: no special abilities


You were on level 1 of the Dungeon.
You visited 1 branch of the dungeon, and saw 1 of its levels.


Innate Abilities, Weirdness & Mutations

You have a beak for a mouth.
You have claws for feet.


   Skills:
 - Level 2.0 Fighting
 + Level 2.1 Axes
 - Level 1.0 Throwing
 - Level 1.1 Armour
 - Level 2.1 Dodging
 - Level 2.0 Spellcasting
 - Level 2.4 Translocations


You had 4 spell levels left.
You didn't know any spells.
Your spell library contained the following spells:

 Spells                   Type           Power      Damage    Failure   Level
 Blink                    Tloc           14%        N/A       19%         2
 Gell's Gravitas          Tloc           7%         N/A       36%         3
 Lesser Beckoning         Tloc           7%         N/A       36%         3
 Teleport Other           Tloc           7%         N/A       36%         3
 Manifold Assault         Tloc           7%         N/A       98%         5

Inventory:

Hand Weapons
 a - a +0 hand axe (weapon)
Missiles
 d - 7 boomerangs of dispersal (quivered)
Armour
 b - a +0 leather armour (worn)
Scrolls
 c - a scroll of blinking

Dungeon Overview and Level Annotations

Branches:
Dungeon (1/15)

Altars:


Message History

Found 6 stones.
You open the door.
There is an open door here.
A gnoll comes into view. It is wielding a +0 spear.
The gnoll shouts!
You hear an angry hiss.
The gnoll hits the plant with a +0 spear!
The plant begins to die.
A ball python comes into view.
The ball python hisses angrily.
The gnoll hits the plant with a +0 spear!
The ball python bites the plant.
The plant begins to die.
The ball python grabs the plant.
The ball python constricts the plant.
The gnoll shouts!
The ball python bites the plant.
The plant begins to die.
The ball python constricts the plant.
The gnoll hits the plant with a +0 spear.
The ball python bites the plant.
The ball python constricts the plant.
The gnoll hits the plant with a +0 spear!
The gnoll hits the plant with a +0 spear.
A nearby plant withers and dies.
The ball python bites the plant.
The plant begins to die.
The ball python grabs the plant.
The ball python constricts the plant.
A gnoll is nearby!
You hit the gnoll but do no damage. Your kick misses the gnoll.
A nearby plant withers and dies. x2
The ball python loses its grip on the plant.
The gnoll barely misses you. The gnoll closely misses you.
You closely miss the gnoll. You claw the gnoll, but do no damage.
A nearby plant withers and dies.
The ball python bites the plant.
The plant begins to die.
The ball python grabs the plant.
The ball python constricts the plant.
The gnoll hits you with a +0 club!
Ouch! That really hurt!
The gnoll closely misses you.
You hit the gnoll but do no damage. You claw the gnoll.
The gnoll is moderately wounded.
The ball python loses its grip on the plant.
The gnoll misses you.
The gnoll hits you from afar with a +0 spear.
Ouch! That really hurt!
You die...

+.............+
####.#####.####
#(#####.#########.#
.........'........#
####.########.#####
.. #.# ##
########.#
#........##
#.##...#@.#
#...g.......#
.....PPPg..##.#
#.#.P....SP.# .
#.P.......#
#.P.....P.#
#....P..P.#
..PP.PP.P.#


You could see 2 gnolls and a ball python.

Vanquished Creatures (others)
  4 plants (D:1)
4 creatures vanquished.

Notes
Turn   | Place    | Note
-------+----------+-------------------------------------------
     0 | D:1      | qw the Tengu Warper began the quest for the Orb.
     0 | D:1      | Reached XP level 1. HP: 12/12 MP: 4/4
     0 | D:1      | 0 ||| qw: Version: 0.1-a-89-g26bdef1
     0 | D:1      | 0 ||| qw: Game counter: 767
     0 | D:1      | 0 ||| qw: Always use a shield: true
     0 | D:1      | 0 ||| qw: God list: Okawaru
     0 | D:1      | 0 ||| qw: Allow faded altars: false
     0 | D:1      | 0 ||| qw: Do Orc after D:15 true
     0 | D:1      | 0 ||| qw: Do second Lair branch before Depths: true
     0 | D:1      | 0 ||| qw: Lair rune preference: random
     0 | D:1      | 0 ||| qw: Plans: Normal
     0 | D:1      | 0 ||| PLANNING D:1-11
    22 | D:1      | Slain by a gnoll

Levels and vault maps discovered:
D:1:      shiori_shiawase, layout_basic, nicolae_grassy_gnolls

Action                   || total
-------------------------++-------
Melee: Hand axe          ||     3
       Kick              ||     2
Dodge: Dodged            ||     4

Table legend:
 A = Non-vault XP
 B = Vault XP
 C = Vault XP percentage of total XP
 D = Non-vault monster count
 E = Vault monster count
 F = Vault count percentage of total count
                 A         B        C        D         E       F
            +---------+---------+-------+---------+---------+-------
      Total |       0 |       0 |   N/A |       0 |       0 |  -nan
            +---------+---------+-------+---------+---------+-------
            +---------+---------+-------+---------+---------+-------
